 Dungeon Crawl Stone Soup version 0.25-a0-690-g234afa5 (webtiles) character file.

Game seed: 11836673182713390882, levelgen mode: deterministic

65 BlueFish the Slasher (level 3, -5/28 HPs)
             Began as a Demonspawn Gladiator on Mar 30, 2020.
             Slain by Crazy Yiuf
             ... wielding a +2 quarterstaff of chaos
              (13 damage)
             ... on level 2 of the Dungeon.
             The game lasted 00:06:37 (2343 turns).

BlueFish the Slasher (Demonspawn Gladiator)         Turns: 2343, Time: 00:06:37

Health: -5/28      AC:  4    Str: 14    XL:     3   Next: 94%
Magic:  3/3        EV: 13    Int:  9    God:
Gold:   105        SH:  0    Dex: 15    Spells: 2/2 levels left

rFire    . . .     SeeInvis .   o - +0 dagger
rCold    + . .     Gourm    .   (no shield)
rNeg     . . .     Faith    .   b - +0 leather armour
rPois    .         Spirit   .   (helmet restricted)
rElec    .         Reflect  .   (no cloak)
rCorr    .         Harm     .   i - +0 pair of gloves
MR       .....     Rnd*Tele +   (no boots)
Stlth    +.........             (no amulet)
HPRegen  0.09/turn              m - ring of protection from cold
MPRegen  0.08/turn              f - ring of teleportation (curse)

@: no status effects
A: antennae 1
a: no special abilities


You were on level 2 of the Dungeon.
You were not hungry.

You visited 1 branch of the dungeon, and saw 2 of its levels.

You collected 105 gold pieces.

Inventory:

Hand Weapons
 a - a +0 long sword
 o - a +0 dagger (weapon)
Missiles
 d - 3 throwing nets (quivered)
Armour
 b - a +0 leather armour (worn)
 i - a +0 pair of gloves (worn)
Jewellery
 f - a cursed ring of teleportation (right hand)
 m - a ring of protection from cold (left hand)
Scrolls
 e - a scroll of noise
 l - a scroll of amnesia
Potions
 j - a potion of cancellation
 k - a potion of curing
 q - a potion of flight {unknown}
Comestibles
 c - 9 chunks of flesh


   Skills:
 * Level 2.4 Fighting
 + Level 1.0(2.3) Short Blades
 * Level 3.4(3.5) Long Blades
 + Level 1.8 Throwing
 + Level 0.3 Armour
 + Level 3.1 Dodging
 * Level 0.7 Stealth


You had 2 spell levels left.
You didn't know any spells.
Your spell library was empty.

Dungeon Overview and Level Annotations

Branches:
Dungeon (2/15)

Altars:

Annotations:
D:2 Crazy Yiuf


Innate Abilities, Weirdness & Mutations

You have a pair of small antennae on your head.


Message History

You now have 105 gold pieces (gained 5).
There is a stone staircase leading down here.
Found a stone staircase leading down.
Found a mace.
Found a runed translucent door.
Crazy Yiuf waves his quarterstaff at you.
As you open the door, it creaks loudly!
You hit Crazy Yiuf.
Crazy Yiuf is lightly wounded.
Crazy Yiuf hits you with a +2 quarterstaff of chaos.
You hit Crazy Yiuf but do no damage.
Crazy Yiuf is lightly wounded.
Crazy Yiuf says, "Snower tortoise noodlescoop!"
Crazy Yiuf hits you with a +2 quarterstaff of chaos.
Crazy Yiuf burns you.
You hit Crazy Yiuf but do no damage.
Crazy Yiuf is lightly wounded.
Crazy Yiuf hits you with a +2 quarterstaff of chaos!
* * * LOW HITPOINT WARNING * * *
You are electrocuted!
You die...

#########.....#
#.# #.....# #.#
#.....# #.#
####### #.# #.##
#######..# ###
###.#.P.##.#
#...##..#.PP....#
#...g@####.P....#
#)..### ##..#.##
### ######


You could see Crazy Yiuf.

Vanquished Creatures
  An adder (D:2)
  A worm (D:2)
  A leopard gecko (D:2)
  4 orcs (D:2)
  2 ball pythons (D:1)
  5 bats
  A giant cockroach (D:1)
  5 goblins (D:1)
  A hobgoblin (D:1)
  12 jackals
  2 quokkas (D:2)
  4 frilled lizards (D:1)
  5 rats
44 creatures vanquished.

Notes
Turn   | Place    | Note
-------+----------+-------------------------------------------
     0 | D:1      | BlueFish the Demonspawn Gladiator began the quest for the
                  | Orb.
     0 | D:1      | Reached XP level 1. HP: 16/16 MP: 1/1
   160 | D:1      | Gained mutation: You have a pair of small antennae on your
                  | head. [demonic ancestry]
   160 | D:1      | Reached XP level 2. HP: 19/22 MP: 2/2
  1091 | D:2      | Reached XP level 3. HP: 27/27 MP: 3/3
  1998 | D:2      | Noticed a black bear
  2102 | D:1      | Upgraded the game from 0.25-a0-670-g50981ef to
                  | 0.25-a0-690-g234afa5
  2174 | D:2      | Reached skill level 1 in Short Blades
  2336 | D:2      | Found a runed translucent door,
  2337 | D:2      | Noticed Crazy Yiuf
  2343 | D:2      | Slain by Crazy Yiuf

Levels and vault maps discovered:
D:1:      nzn_arrival_depleted_hourglass, layout_basic, st_stairs_5,
          minmay_statues_item
D:2:      layout_basic, st_stairs_8, uniq_crazy_yiuf_cottage

Skill      XL: |  1  2  3 |
---------------+----------+-----
Long Blades    | 3 |  3.4
Dodging        | 3 |  3.1
Short Blades   | 1 |  1.0
Fighting       | |  2.4
Throwing       | |  1.8
Armour         | |  0.3
Stealth        | |  0.7

Action                   || total
-------------------------++-------
Melee: Long sword        ||    32
       Dagger            ||   266
  Use: Scroll            ||     7
       Potion            ||     2
 Stab: Distracted        ||     1
       Sleeping          ||     1
  Eat: Chunk             ||     2
       Ration            ||     1
Armor: Leather armour    ||   106
       Skin              ||    18
Dodge: Dodged            ||   237
       Rpst.: Long sword ||     3

Table legend:
 A = Non-vault XP
 B = Vault XP
 C = Vault XP percentage of total XP
 D = Non-vault monster count
 E = Vault monster count
 F = Vault count percentage of total count
                 A         B        C        D         E       F
            +---------+---------+-------+---------+---------+-------
      Total |      75 |      19 |  20.2 |      40 |       4 |   9.1
            +---------+---------+-------+---------+---------+-------
        D:1 |      40 |       4 |   9.1 |      24 |       2 |   7.7
        D:2 |      35 |      15 |  30.0 |      16 |       2 |  11.1
            +---------+---------+-------+---------+---------+-------
